 Dungeon Crawl Stone Soup version 0.32-a0-900-g30fb1b0edc (webtiles) character file.

Game seed: 1837657481703121067

7630 RBrandon the Slicer (level 11, 0/84 HPs)
             Began as a Coglin Berserker on Apr 5, 2024.
             Was an Elder of Trog.
             Slain by Erica
             ... wielding a +4 scimitar of flaming
              (11 damage)
             ... on level 9 of the Dungeon.
             The game lasted 00:14:37 (8066 turns).

RBrandon the Slicer (Coglin Berserker)              Turns: 8066, Time: 00:14:38

Health: 0/84       AC:  7    Str: 17    XL:     11   Next: 18%
Magic:  11/11      EV: 15    Int:  7    God:    Trog [****..]
Gold:   321        SH:  0    Dex: 18    Spells: 10/10 levels left

rFire   . . .        i - +1 dagger (drain) {Sukanya}
rCold   . . .        m - +3 short sword (venom) {Mishil}
rNeg    . . .        k - +0 ring mail
rPois   .            p - +0 helmet
rElec   .            J - +0 cloak
rCorr   .            (no gloves)
SInv    .            (no boots)
Will    ++...        (amulet unavailable)
Stlth   +            (ring unavailable)
HPRegen 1.34/turn    (ring unavailable)
MPRegen 0.12/turn    (no gizmo)

%: no passive effects
@: strong-willed, regenerating, slowed, very slow
A: off-hand wielding, slow wielding, warmup strikes, no jewellery
a: Invent Gizmo, Renounce Religion, Berserk, Trog's Hand, Brothers in Arms


You were on level 9 of the Dungeon.
You worshipped Trog.
Trog was greatly pleased with you.
You visited 1 branch of the dungeon, and saw 9 of its levels.

You collected 579 gold pieces.
You spent 258 gold pieces at shops.

Inventory:

Hand Weapons
 a - a +0 hand axe {Xochipepe}
 c - a +0 dagger {Santos}
 d - a +1 short sword of flaming {Ceoff}
   (You took it off a kobold on level 1 of the Dungeon)
 i - a +1 dagger of draining (weapon) {Sukanya}
   (You took it off a goblin on level 1 of the Dungeon)
 m - a +3 short sword of venom (offhand) {Mishil}
   (You took it off a kobold on level 2 of the Dungeon)
 K - a +2 dagger of freezing
   (You took it off a wight on level 8 of the Dungeon)
Missiles
 A - 3 throwing nets (quivered)
Armour
 b - a +0 animal skin
 k - a +0 ring mail (worn)
 p - a +0 helmet (worn)
 J - a +0 cloak (worn)
 N - a +0 pair of gloves
Wands
 r - a wand of charming (9)
 v - a wand of acid (6)
 w - a wand of warping (13)
 F - a wand of flame (20)
 O - a wand of mindburst (10)
Scrolls
 e - 5 scrolls of noise
 f - a scroll of torment
 g - a scroll of amnesia {unknown}
 h - 2 scrolls of enchant weapon
 o - a scroll of fog {unknown}
 s - 2 scrolls of poison {unknown}
 x - 3 scrolls of teleportation {unknown}
 y - a scroll of brand weapon {unknown}
 B - 2 scrolls of blinking {unknown}
 E - a scroll of silence {unknown}
 G - a scroll of immolation {unknown}
 H - a scroll of enchant armour
 P - 3 scrolls of identify
Potions
 j - 5 potions of mutation
 l - 3 potions of magic
 n - 2 potions of cancellation
 q - 3 potions of resistance
 t - a potion of might
 u - a potion of attraction {unknown}
 z - a potion of invisibility
 D - 3 potions of curing
 I - a potion of lignification {unknown}
 L - a potion of brilliance {unknown}
 M - a potion of degeneration {unknown}


   Skills:
 - Level 7.2 Fighting
 - Level 10.0 Short Blades
 - Level 3.2 Axes
 - Level 1.7 Armour
 + Level 9.5 Dodging
 - Level 6.3 Evocations


You had 10 spell levels left.
You didn't know any spells.
Your spell library was empty.

Dungeon Overview and Level Annotations

Branches:
Dungeon (9/15)             Temple (0/1) D:5
   Lair: D:8-11         Orc: D:9-12

Altars:

Shops:
D:1 [   D:5 ?   D:7 *

Annotations:
D:9 Erica


Innate Abilities, Weirdness & Mutations

You can wield a second weapon in your off-hand.
It takes a long time for you to wield or remove held weapons.
Your first few attacks do less damage.
You cannot equip rings or amulets.


Message History

You are no longer berserk.
You are exhausted.
You feel yourself slow down.
You start resting.
You feel yourself speed up.
You start resting.
You recover from your berserk rage.
You start resting.
Erica the Fiery-Tempered comes into view.
She is wielding a +4 scimitar of flaming.
Erica shouts!
Erica stares at you and mumbles some strange words.
You feel yourself slow down.
Things that are here:
a +0 whip; 2 poisoned darts; a kobold corpse Your skin crawls.
You feel strong-willed.
Your ogre goes berserk!
Erica casts a spell at you. The bolt of poison hits your ogre!!
Your ogre is poisoned.
The bolt of poison hits you!!
You are poisoned.
Your ogre completely misses Erica.
Erica mumbles some strange words.
Erica flickers and vanishes!
Deactivating autopickup; reactivate with Ctrl-A.
You feel extremely sick.
You see here a +0 short sword.
You feel very sick. Something hits you!
* * * LOW HITPOINT WARNING * * *
Something burns you.
* * * LOW HITPOINT WARNING * * *
Something barely misses you. Something hits you!
* * * LOW HITPOINT WARNING * * *
Something burns you.
* * * LOW HITPOINT WARNING * * *
Okay, then.
You feel better. Something hits you!
You die...

#o.....................##.####.##
...#..#................##.####..†
########.....††.)..........##....
.### #...♣♣♣))..........#.>...)
...## . ...♣♣...................
....# ♣..♣...))..............
...)# .♣♣.....................
###Y# ........O))))..........#.
.... ........@[<).........###.
..Y..###.....†.[()..##.##.. ..
#......###...#.†..[)...##
.........##..##.............
............. #††.......####
.....#.... #......##..# .
........# #... ...>....... .##.
.........###.. .


You could see a friendly ogre (summoned, berserk, poisoned).

Vanquished Creatures
  A two-headed ogre (D:9)
  2 death yaks (D:9)
  Pikel (D:6)
  2 hornets
  Grinder (D:6)
  3 yaks (D:9)
  A steam dragon (D:7)
  A wyvern (D:9)
  A water moccasin (D:6)
  4 ice beasts
  2 orc warriors
  2 black bears (D:6)
  A sky beast (D:7)
  4 ogres
  4 centaurs
  3 lemures (D:6)
  A phantom (D:6)
  3 kobold brigands
  A gnoll sergeant (D:9)
  3 bullfrogs
  3 scorpions
  7 wights (D:8)
  The ghost of 601d51SH the Sneak, a weakling GnBr (D:3)
  2 electric eels (D:8)
  A bombardier beetle (D:6)
  6 howler monkeys
  A hound (D:6)
  2 jellies
  A sleepcap (D:4)
  7 orc priests
  5 iguanas
  14 orc wizards
  A mummy (D:4)
  Robin (D:3)
  5 gnolls (D:9)
  9 adders
  2 river rats (D:9)
  A shadow imp (D:4)
  A white imp (D:6)
  2 ufetubi (D:5)
  2 ribbon worms
  3 dart slugs
  29 orcs
  5 endoplasms
  11 giant cockroaches (D:2)
  18 goblins
  6 hobgoblins
  2 jackals (D:4)
  2 quokkas
  4 ball pythons
  5 bats
  4 frilled lizards
  A hobgoblin zombie (D:4)
  24 kobolds
  A kobold zombie (D:4)
  2 orc zombies (D:4)
  7 rats
239 creatures vanquished.

Notes
Turn   | Place    | Note
-------+----------+-------------------------------------------
     0 | D:1      | RBrandon the Coglin Berserker began the quest for the Orb.
     0 | D:1      | Reached XP level 1. HP: 18/18 MP: 1/1
   175 | D:1      | Found Cirreiz's Armour Shop.
   308 | D:1      | Reached XP level 2. HP: 24/24 MP: 2/2
   980 | D:2      | Reached skill level 1 in Short Blades
   980 | D:2      | Reached XP level 3. HP: 30/30 MP: 3/3
  1201 | D:2      | Reached ** piety under Trog
  1215 | D:2      | Reached skill level 2 in Short Blades
  1255 | D:2      | Reached XP level 4. HP: 37/37 MP: 4/4
  1442 | D:2      | Found a faded altar of an unknown god.
  1834 | D:3      | Reached skill level 3 in Short Blades
  1845 | D:3      | Noticed Robin
  1854 | D:3      | Reached XP level 5. HP: 42/42 MP: 5/5
  1861 | D:3      | Killed Robin
  1965 | D:3      | Found a large runed translucent door.
  1965 | D:3      | Found a large runed translucent door.
  1972 | D:3      | Noticed 601d51SH's ghost (weakling GnBr)
  2249 | D:3      | Killed 601d51SH's ghost
  2250 | D:3      | Reached skill level 4 in Short Blades
  2352 | D:4      | Reached *** piety under Trog
  2423 | D:4      | Reached XP level 6. HP: 44/48 MP: 6/6
  2521 | D:4      | Reached skill level 5 in Short Blades
  2889 | D:5      | Entered Level 5 of the Dungeon
  2940 | D:5      | Reached XP level 7. HP: 53/53 MP: 7/7
  2984 | D:5      | Reached skill level 6 in Short Blades
  3294 | D:5      | Reached skill level 7 in Short Blades
  3534 | D:5      | Found a staircase to the Ecumenical Temple.
  3550 | D:5      | Found Kixub's Magic Scroll Emporium.
  3553 | D:5      | Bought a scroll of fear for 48 gold pieces
  3553 | D:5      | Bought a scroll of enchant weapon for 90 gold pieces
  4072 | D:6      | Noticed Grinder
  4090 | D:6      | Killed Grinder
  4091 | D:6      | Reached skill level 8 in Short Blades
  4091 | D:6      | Reached XP level 8. HP: 60/60 MP: 8/8
  4409 | D:6      | Reached skill level 9 in Short Blades
  4600 | D:6      | Noticed Pikel
  4624 | D:6      | Killed Pikel
  4625 | D:6      | Reached skill level 10 in Short Blades
  4625 | D:6      | Reached skill level 5 in Fighting
  4625 | D:6      | Reached XP level 9. HP: 68/68 MP: 9/9
  4967 | D:7      | Found Qoschoh's General Store.
  4975 | D:7      | Bought a scroll of enchant armour for 120 gold pieces
  5424 | D:7      | Reached **** piety under Trog
  6150 | D:8      | Reached XP level 10. HP: 79/79 MP: 10/10
  6176 | D:8      | Reached skill level 5 in Dodging
  6931 | D:8      | Reached skill level 1 in Evocations
  7376 | D:9      | Noticed a two-headed ogre
  7386 | D:9      | Killed a two-headed ogre
  7387 | D:9      | Reached skill level 5 in Evocations
  7611 | D:9      | Paralysed by a hornet for 2 turns
  7614 | D:9      | Noticed a death yak
  7616 | D:9      | Noticed a death yak
  7950 | D:9      | Killed a death yak
  7951 | D:9      | Reached XP level 11. HP: 82/84 MP: 11/11
  8009 | D:9      | Killed a death yak
  8059 | D:9      | Noticed Erica
  8065 | D:9      | HP: 4/84 [something (1)]
  8066 | D:9      | Slain by Erica

Illustrated notes

Levels and vault maps discovered:
D:1:      nagdon_arrival_double_spiral, layout_basic, serial_shops,
          nicolae_shop_scrapyard, dk_noncrumbling_3, dreamdust_princess_bridge,
          minmay_misc_feat_ornament, st_stairs_9, minmay_quantized
D:2:      minmay_roachtagon, layout_basic, chequers_ecumenical_altar_island
D:3:      layout_loops_cross, ebering_ghost_disaster_area, uniq_robin
D:4:      layout_cave_pools, minmay_mini_ossuary
D:5:      layout_loops_ring, minmay_temple_entry_junction, serial_shops,
          nicolae_shop_behind_doors, lemuel_flamethrower_2
D:6:      layout_basic, uniq_pikel, uniq_grinder
D:7:      layout_loops_corners, serial_shops, nicolae_shop_advertising_works
          [nicolae_subvault_shop_adworks], serial_glass, glass_columns_a,
          glass_columns_c, glass_columns_a, glass_columns_c, glass_columns_c,
          glass_columns_a, feat_on_display, due_unseen_surprise,
          kennysheep_another_room
D:8:      layout_basic, minivault_10, grunt_ogre_cave, lightli_minifort
D:9:      layout_cave_pools, dpeg_lair_monsters, chequers_garden, uniq_erica

Skill      XL: |  1  2  3  4  5  6  7  8  9 10 11 |
---------------+----------------------------------+-----
Short Blades   | 1 2 3 4 5 8 10 | 10.0
Fighting       | 5 7 |  7.2
Dodging        | 4 8 9 |  9.5
Evocations     | 6 |  6.3
Axes           | |  3.2
Armour         | |  1.7

Action                     |  1- 3 |  4- 6 |  7- 9 | 10-12 || total
---------------------------+-------+-------+-------+-------++-------
  Melee: Hand axe          |    16 |       |       |       ||    16
         Dagger            |    44 |   104 |   214 |   151 ||   513
         Short sword       |    50 |   100 |   215 |   150 ||   515
 Invoke: Berserk           |       |     3 |     7 |     8 ||    18
         Trog's Hand       |       |       |     4 |     3 ||     7
         Brothers in Arms  |       |       |       |     1 ||     1
  Evoke: Wand              |       |       |       |     5 ||     5
    Use: Scroll            |       |     7 |       |     3 ||    10
         Potion            |       |       |       |     1 ||     1
   Stab: Sleeping          |     1 |       |       |       ||     1
 Armour: Animal skin       |    11 |       |       |       ||    11
         Ring mail         |    16 |    52 |   113 |    94 ||   275
  Dodge: Dodged            |    30 |    37 |    61 |    86 ||   214

Table legend: (Time is in decaauts)
 A = Elapsed time spent in this place.
 B = Non-inter-level travel time spent in this place.
 C = Inter-level travel time spent in this place.
 D = Time resting spent in this place.
 E = Time spent auto-exploring this place.
 F = Levels seen in this place.
 G = Mean time per level.
                   A        B        C        D        E       F      G
               +--------+--------+--------+--------+--------+-----+--------+
         Total |   8023 |   7712 |    311 |    899 |   5524 |   9 |  891.4 |
       Dungeon |   8023 |   7712 |    311 |    899 |   5524 |   9 |  891.4 |
               +--------+--------+--------+--------+--------+-----+--------+

Top non-repeatable levels by time:
     D:8: 1440 daAuts
     D:7: 1106 daAuts
     D:5: 1041 daAuts
     D:6: 938 daAuts
     D:1: 903 daAuts
     D:3: 726 daAuts
     D:2: 689 daAuts
     D:9: 599 daAuts
     D:4: 578 daAuts

Levels and vault maps discovered:
D:1:      nagdon_arrival_double_spiral, layout_basic, serial_shops,
          nicolae_shop_scrapyard, dk_noncrumbling_3, dreamdust_princess_bridge,
          minmay_misc_feat_ornament, st_stairs_9, minmay_quantized
D:2:      minmay_roachtagon, layout_basic, chequers_ecumenical_altar_island
D:3:      layout_loops_cross, ebering_ghost_disaster_area, uniq_robin
D:4:      layout_cave_pools, minmay_mini_ossuary
D:5:      layout_loops_ring, minmay_temple_entry_junction, serial_shops,
          nicolae_shop_behind_doors, lemuel_flamethrower_2
D:6:      layout_basic, uniq_pikel, uniq_grinder
D:7:      layout_loops_corners, serial_shops, nicolae_shop_advertising_works
          [nicolae_subvault_shop_adworks], serial_glass, glass_columns_a,
          glass_columns_c, glass_columns_a, glass_columns_c, glass_columns_c,
          glass_columns_a, feat_on_display, due_unseen_surprise,
          kennysheep_another_room
D:8:      layout_basic, minivault_10, grunt_ogre_cave, lightli_minifort
D:9:      layout_cave_pools, dpeg_lair_monsters, chequers_garden, uniq_erica

Table legend: (Time is in decaauts)
 A = Elapsed time spent in this place.
 B = Non-inter-level travel time spent in this place.
 C = Inter-level travel time spent in this place.
 D = Time resting spent in this place.
 E = Time spent auto-exploring this place.
 F = Levels seen in this place.
 G = Mean time per level.
                   A        B        C        D        E       F      G
               +--------+--------+--------+--------+--------+-----+--------+
         Total |   8023 |   7712 |    311 |    899 |   5524 |   9 |  891.4 |
       Dungeon |   8023 |   7712 |    311 |    899 |   5524 |   9 |  891.4 |
               +--------+--------+--------+--------+--------+-----+--------+

Top non-repeatable levels by time:
     D:8: 1440 daAuts
     D:7: 1106 daAuts
     D:5: 1041 daAuts
     D:6: 938 daAuts
     D:1: 903 daAuts
     D:3: 726 daAuts
     D:2: 689 daAuts
     D:9: 599 daAuts
     D:4: 578 daAuts

Table legend:
 A = Kills in this place as a percentage of kills in the entire game.
 B = Kills by you in this place as a percentage of kills by you in the entire game.
 C = Kills by friends in this place as a percentage of kills by friends in the entire game.
 D = Other kills in this place as a percentage of other kills in the entire game.
 E = Experience gained in this place as a percentage of experience gained in the entire game.
 F = Experience gained in this place divided by the number of levels of this place that you have seen.
                   A       B       C       D       E      F
               +-------+-------+-------+-------+-------+----------------------
         Total | 100.0 | 100.0 |   N/A |   N/A | 100.0 | 1211.2
       Dungeon | 100.0 | 100.0 |   N/A |   N/A | 100.0 | 1211.2
               +-------+-------+-------+-------+-------+----------------------
